 Dungeon Crawl Stone Soup version 0.20-a0-433-g9e36e56 (webtiles) character file.

16825 HallandMoats the Fighter (level 12, -51/77 HPs)
             Began as a Gargoyle Fighter on Jan 3, 2017.
             Was an Elder of the Shining One.
             Annihilated by an enormous slime creature (59 damage)
             ... on level 12 of the Dungeon.
             The game lasted 00:27:03 (10307 turns).

HallandMoats the Fighter (Gargoyle Fighter)        Turns: 10307, Time: 00:27:04

Health: -51/77     AC: 20    Str: 23    XL:     12   Next: 41%
Magic:  18/18      EV: 12    Int:  9    God:    the Shining One [****..]
Gold:   621        SH: 10    Dex: 11    Spells: 11/11 levels left

rFire  . . .     SeeInvis .     a - +6 shillelagh "Devastator" {shatter}
rCold  . . .     Gourm    .     E - +0 troll leather armour
rNeg   + + +     Faith    .     c - +0 shield
rPois  ∞         Spirit   .     r - +2 helmet
rElec  +         Reflect  .     j - +0 cloak
rCorr  .         Harm     .     g - +0 pair of gloves
MR     .....                    (no boots)
Stlth  +.........               (no amulet)
                                (no ring)
                                (no ring)

@: glowing
A: negative energy resistance 1, electricity resistance, unbreathing,
petrification resistance, rot immunity, AC +8
a: Divine Shield, Cleansing Flame, Renounce Religion


You were on level 12 of the Dungeon.
You worshipped the Shining One.
The Shining One was greatly pleased with you.
You were not hungry.

You visited 2 branches of the dungeon, and saw 13 of its levels.
You also visited: Sewer.

You collected 698 gold pieces.
You spent 77 gold pieces at shops.

Inventory:

Hand Weapons
 a - the +6 shillelagh "Devastator" (weapon) {shatter}
   (You found it on level 4 of the Dungeon)
 b - a +2 war axe of flaming
 q - a +5 mace
 M - the +9 spear of the World {protect, +Inv Int+2 Dex+2}
   (You found it on level 9 of the Dungeon)

   It protects the one who uses it against injury (+AC on strike).
   It affects your intelligence (+2).
   It affects your dexterity (+2).
   It lets you turn invisible.
Armour
 c - a +0 shield (worn)
 g - a +0 pair of gloves (worn)
 j - a +0 cloak (worn)
 r - a +2 helmet (worn)
 A - a +0 scale mail
 E - a +0 troll leather armour (worn)
Jewellery
 d - a +5 ring of dexterity {unknown}
 H - an uncursed ring of resist corrosion {unknown}
 K - an uncursed amulet of the gourmand {unknown}
Wands
 h - a wand of paralysis (8/24)
 i - a wand of enslavement (11/24)
 I - a wand of enslavement (14/24)
 J - a wand of confusion (28/48)
 O - a wand of digging (5/24)
 T - a wand of lightning (7/15)
 V - a wand of iceblast (7/15)
Scrolls
 e - 3 scrolls of remove curse
 k - 2 scrolls of fog
 l - 7 scrolls of teleportation
 o - 5 scrolls of magic mapping
 p - 4 scrolls of amnesia
 s - a scroll of immolation
 w - a scroll of enchant armour {unknown}
 y - a scroll of enchant weapon
 C - 2 scrolls of fear {unknown}
 D - a scroll of brand weapon {unknown}
 F - 3 scrolls of identify
 L - a scroll of noise {unknown}
 W - a scroll of torment {unknown}
Potions
 m - a potion of lignification
 t - a potion of resistance {unknown}
 u - 2 potions of haste
 v - 4 potions of brilliance
 x - 6 potions of flight
 z - 3 potions of heal wounds
 B - 7 potions of curing
 N - 2 potions of agility
 P - a potion of might
 U - a potion of degeneration {unknown}
Books
 X - a book of Cantrips

   Spells                             Type                      Level
   a - Confusing Touch                Hexes                        1
   b - Animate Skeleton               Necromancy                   1
   c - Summon Small Mammal            Summoning                    1
   d - Apportation                    Translocation                1
Miscellaneous
 R - a lamp of fire
Comestibles
 f - 8 bread rations
 n - 6 meat rations
 G - 9 slices of pizza
 Q - 2 beef jerkies
 S - 8 fruits


   Skills:
 * Level 10.2 Fighting
 - Level 2.4(5.6) Axes
 * Level 8.8(9.0) Maces & Flails
 + Level 8.9 Armour
 + Level 5.9 Dodging
 - Level 6.6 Shields
 * Level 8.0 Invocations
 * Level 6.7 Evocations


You had 11 spell levels left.
You didn't know any spells.

Dungeon Overview and Level Annotations

Branches:
Dungeon (12/15)            Temple (1/1) D:5            Lair (0/6) D:8
    Orc: D:9-12

Altars:
Ashenzari
Cheibriados
Dithmenos
Elyvilon
Fedhas
Gozag
Hepliaklqana
Kikubaaqudgha
Makhleb
Nemelex Xobeh
Okawaru
Qazlal
Ru
Sif Muna
Trog
Uskayaw
Vehumet
Xom
Yredelemnul
Zin
The Shining One

Shops:
D:4 ?   D:9 (


Innate Abilities, Weirdness & Mutations

You are resistant to torment.
Your stone body is resilient. (AC +8)
You are immune to poison.
You resist negative energy. (rN+)
You are resistant to electric shocks. (rElec)
You can survive without breathing.
You are immune to petrification.
You are immune to rotting.


Message History

The enormous slime creature and the large slime creature shudder.
The enormous slime creature is heavily wounded.
The large slime creature is lightly wounded.
The enormous slime creature is heavily wounded.
The enormous slime creature hits you!!!
Ouch! That really hurt!
* * * LOW HITPOINT WARNING * * *
You sock the enormous slime creature!
The enormous slime creature and the large slime creature shudder.
The enormous slime creature is heavily wounded.
The large slime creature is lightly wounded.
The enormous slime creature is heavily wounded.
You hit the enormous slime creature.
The enormous slime creature and the large slime creature shudder.
The enormous slime creature is heavily wounded.
The large slime creature is moderately wounded.
The enormous slime creature is heavily wounded.
The enormous slime creature hits you!!!
Ouch! That really hurt!
You die...

.....##...#......###.
##...##...#..#.#.....
................#
.#.#.#..##.#.#..#
.........##......#####.
#.#.#.#.....#..........
.........#####.....##
#.#.#.#... #...#.#
.......#. #@#.# #
#.#.#. #J#.# #J#..
#......###. #....... .#
#........ . #.........
#. >...........
..#.#...$...#


You could see an enormous slime creature and a large slime creature.

Vanquished Creatures
  Snorg (D:11)
  Josephine (D:11)
  7 two-headed ogres
  The ghost of shinino the Cleaver, a novice MiBe of Trog (D:6)
  A centaur zombie (D:11)
  Psyche (D:10)
  A komodo dragon (D:11)
  2 trolls
  A hornet (D:8)
  2 hippogriffs
  4 wraiths (D:11)
  9 yaks
  A human (D:11)
  3 hungry ghosts
  A steam dragon (D:12)
  A vampire mosquito (D:11)
  The ghost of HallandMoats the Shield-Bearer, an amateur GrFi (D:3)
  A soldier ant (D:12)
  A porcupine (D:8)
  A sky beast (D:8)
  3 black bears
  2 orc warriors
  An ice beast (D:8)
  3 phantoms
  A necrophage (D:6)
  2 wolves (D:8)
  5 centaurs
  An ogre (D:9)
  5 big kobolds
  5 bullfrogs
  3 scorpions
  15 killer bees
  8 wights
  6 howler monkeys
  3 electric eels (D:8)
  A centaur skeleton (D:9)
  2 crimson imps
  12 hounds
  A quasit (D:10)
  A bullfrog zombie (D:9)
  5 orc priests
  4 jellies
  A bullfrog skeleton (D:9)
  Crazy Yiuf (D:4)
  9 iguanas
  5 orc wizards
  7 worker ants
  Terence (D:2)
  2 hound zombies
  2 hound skeletons
  2 worker ant zombies
  Robin (D:2)
  3 gnolls (D:4)
  12 adders
  A shadow imp (D:9)
  An adder zombie (D:10)
  5 adder skeletons
  3 worms
  A dart slug (D:3)
  3 leopard geckos
  30 orcs
  3 ball pythons
  10 giant cockroaches
  17 goblins
  9 hobgoblins
  5 jackals
  8 quokkas
  13 bats
  8 frilled lizards
  27 kobolds
  2 leopard gecko zombies
  A quokka skeleton (D:4)
  A quokka zombie (D:4)
  9 rats
333 creatures vanquished.

Notes
Turn   | Place    | Note
-------+----------+-------------------------------------------
     0 | D:1      | HallandMoats the Gargoyle Fighter began the quest for the Orb.
     0 | D:1      | Reached XP level 1. HP: 14/14 MP: 1/1
    52 | D:1      | Reached XP level 2. HP: 13/19 MP: 2/2
   527 | D:2      | Reached XP level 3. HP: 17/23 MP: 3/3
   667 | D:2      | Reached skill level 1 in Dodging
   981 | D:2      | Noticed Robin
   995 | D:2      | Killed Robin
   995 | D:2      | Reached XP level 4. HP: 28/29 MP: 4/4
  1150 | D:2      | Noticed Terence
  1159 | D:2      | Killed Terence
  1503 | D:3      | Reached XP level 5. HP: 33/33 MP: 5/5
  1659 | D:3      | Noticed HallandMoats's ghost (amateur GrFi)
  1677 | D:3      | Killed HallandMoats's ghost
  1677 | D:3      | Reached skill level 4 in Fighting
  1677 | D:3      | Reached skill level 1 in Maces & Flails
  1677 | D:3      | Reached XP level 6. HP: 37/38 MP: 6/6
  1737 | D:3      | Found a glowing drain.
  1750 | Sewer    | Entered a sewer
  1996 | Sewer    | Reached XP level 7. HP: 33/44 MP: 7/7
  2392 | D:3      | Reached skill level 5 in Armour
  2610 | D:4      | Reached skill level 5 in Shields
  2877 | D:4      | Found a runed door.
  3073 | D:4      | Reached skill level 5 in Fighting
  3251 | D:4      | Found Zuataquh's Magic Scroll Shop.
  3258 | D:4      | Bought a scroll of magic mapping for 49 gold pieces
  3258 | D:4      | Bought a scroll of identify for 28 gold pieces
  3669 | D:4      | Noticed Crazy Yiuf
  3672 | D:4      | Killed Crazy Yiuf
  3672 | D:4      | Reached XP level 8. HP: 49/49 MP: 8/8
  3785 | D:5      | Entered Level 5 of the Dungeon
  3807 | D:5      | Noticed a yak
  3808 | D:5      | Noticed a yak
  3819 | D:5      | Noticed a yak
  3820 | D:5      | Noticed a yak
  3821 | D:5      | Noticed a yak
  3822 | D:5      | Noticed a yak
  3822 | D:5      | Killed a yak
  3826 | D:5      | Killed a yak
  3828 | D:5      | Killed a yak
  3829 | D:5      | Killed a yak
  3832 | D:5      | Killed a yak
  3832 | D:5      | Reached skill level 6 in Fighting
  3832 | D:5      | Killed a yak
  3832 | D:5      | Reached XP level 9. HP: 38/55 MP: 9/9
  3974 | D:5      | Found a staircase to the Ecumenical Temple.
  3983 | Temple   | Entered the Ecumenical Temple
  5029 | Temple   | Became a worshipper of the Shining One
  5117 | D:6      | Found a bloodstained altar of Trog.
  5166 | D:6      | Noticed shinino's ghost (novice MiBe)
  5395 | D:6      | Killed shinino's ghost
  5395 | D:6      | Reached skill level 5 in Maces & Flails
  5395 | D:6      | Reached skill level 1 in Invocations
  5395 | D:6      | Reached skill level 1 in Evocations
  6082 | D:7      | Reached skill level 7 in Fighting
  6152 | D:7      | Reached XP level 10. HP: 60/63 MP: 12/12
  6231 | D:7      | Found a deep blue altar of Sif Muna.
  6314 | D:7      | Reached * piety under the Shining One
  6757 | D:8      | Gained mutation: You are resistant to hostile enchantments. (MR+) [mutagenic meat]
  6758 | D:8      | Gained mutation: You tend to lose your temper in combat. [mutagenic meat]
  6759 | D:8      | Gained mutation: You often lose your temper in combat. [mutagenic meat]
  6760 | D:8      | Gained mutation: Your magical capacity is low. (-10% MP) [mutagenic meat]
  6903 | D:8      | Found a staircase to the Lair.
  6940 | D:8      | Reached skill level 8 in Fighting
  7023 | D:8      | Gained mutation: Your spells are a little harder to cast, but a little more powerful. [potion of mutation]
  7023 | D:8      | Gained mutation: You are dopey. (Int -2) [potion of mutation]
  7023 | D:8      | Gained mutation: You are weak. (Str -2) [potion of mutation]
  7698 | D:9      | Reached ** piety under the Shining One
  7703 | D:9      | Reached skill level 5 in Dodging
  7709 | D:9      | Noticed a two-headed ogre
  7718 | D:9      | Killed a two-headed ogre
  7718 | D:9      | Reached skill level 5 in Invocations
  7735 | D:9      | Noticed a two-headed ogre
  7756 | D:9      | Killed a two-headed ogre
  7756 | D:9      | Reached XP level 11. HP: 62/69 MP: 13/13
  7868 | D:9      | Noticed a two-headed ogre
  7874 | D:9      | Killed a two-headed ogre
  7879 | D:9      | Found Vori's Weapon Shop.
  8234 | D:9      | Reached skill level 5 in Evocations
  8260 | D:9      | Got a translucent spear
  8261 | D:9      | Identified the +9 spear of the World {protect, +Inv Int+2 Dex+2} (You found it on level 9 of the Dungeon)
  8466 | D:10     | Entered Level 10 of the Dungeon
  8517 | D:10     | Reached *** piety under the Shining One
  8603 | D:10     | Noticed Psyche
  8610 | D:10     | Killed Psyche
  8610 | D:10     | Reached skill level 9 in Fighting
  9318 | D:10     | Noticed a two-headed ogre
  9325 | D:10     | Killed a two-headed ogre
  9369 | D:10     | Gained mutation: You are very weak. (Str -4) [potion of mutation]
  9369 | D:10     | Gained mutation: You are occasionally teleported next to monsters. [potion of mutation]
  9370 | D:10     | Lost mutation: You are dopey. (Int -2) [potion of cure mutation]
  9370 | D:10     | Lost mutation: Your spells are a little harder to cast, but a little more powerful. [potion of cure mutation]
  9370 | D:10     | Lost mutation: You are resistant to hostile enchantments. (MR+) [potion of cure mutation]
  9370 | D:10     | Lost mutation: Your magical capacity is low. (-10% MP) [potion of cure mutation]
  9371 | D:10     | Lost mutation: You are occasionally teleported next to monsters. [potion of cure mutation]
  9371 | D:10     | Lost mutation: You are very weak. (Str -4) [potion of cure mutation]
  9371 | D:10     | Lost mutation: You are weak. (Str -2) [potion of cure mutation]
  9371 | D:10     | Lost mutation: You often lose your temper in combat. [potion of cure mutation]
  9371 | D:10     | Lost mutation: You tend to lose your temper in combat. [potion of cure mutation]
  9481 | D:11     | Noticed Josephine
  9495 | D:11     | Killed Josephine
  9584 | D:11     | Reached XP level 12. HP: 74/77 MP: 17/17
  9625 | D:11     | Reached **** piety under the Shining One
  9737 | D:11     | Noticed Snorg
  9737 | D:11     | Noticed a two-headed ogre
  9744 | D:11     | Killed a two-headed ogre
  9747 | D:11     | Killed Snorg
  9747 | D:11     | Reached skill level 10 in Fighting
  9835 | D:11     | Noticed a two-headed ogre
  9844 | D:11     | Killed a two-headed ogre
  9947 | D:11     | Noticed a two-headed ogre
  9952 | D:11     | Killed a two-headed ogre
 10307 | D:12     | Annihilated by an enormous slime creature

Vault maps used:
D:1:      minmay_arrival_checkered_box, grunt_decor_arrowhead
D:2:      fountainhead, uniq_robin, uniq_terence
D:3:      portal_sewer_entry_d, minmay_misc_feat_five, minmay_misc_feat_doors
D:4:      serial_undead, serial_undead_e, serial_undead_d, serial_undead_c,
          serial_undead_e, serial_shops, shop, first_bread,
          uniq_crazy_yiuf_cottage
D:5:      serial_column_ruins, column_ruins_hut_ruined, column_ruins_grid_2,
          column_ruins_grid_1, column_ruins_open_tiny,
          column_ruins_corridor_straight, column_ruins_open_tiny,
          column_ruins_open_small
D:6:      trog_butcher_becter
D:7:      basic_altar
D:8:      erik_lair_island
D:9:      serial_shops, nicolae_shop_temple_entry_statues_fountains
D:10:     uniq_psyche
D:11:     grunt_pizzeria, uniq_josephine, uniq_snorg
D:12:     david_orc_5, serial_glass, glass_columns_a, glass_columns_a,
          glass_columns_c, glass_columns_b, glass_columns_a, glass_columns_a,
          glass_columns_a, glass_columns_a, glass_columns_b, glass_columns_a,
          glass_columns_c, glass_columns_b, glass_columns_a, glass_columns_a,
          hangedman_misty_isle
Temple:   compressed_dpeg_triangle_lava_temple
Sewer:    kennysheep_pipe_town

Skill      XL: |  1  2  3  4  5  6  7  8  9 10 11 12 |
---------------+-------------------------------------+-----
Axes           | 2 |  2.4
Dodging        | 1 2 3 4 5 |  5.9
Armour         | 4 5 6 7 8 |  8.9
Fighting       | 4 5 6 7 8 9 10 | 10.2
Maces & Flails | 1 2 3 4 5 7 8 |  8.8
Shields        | 4 5 6 |  6.6
Invocations    | 3 5 7 8 |  8.0
Evocations     | 2 4 6 |  6.7

Action                   |  1- 3 |  4- 6 |  7- 9 | 10-12 || total
-------------------------+-------+-------+-------+-------++-------
Melee: War axe           |    35 |       |       |       ||    35
       Dagger            |   122 |    46 |       |       ||   168
       Mace              |       |   146 |   117 |       ||   263
       Shillelagh        |       |       |   103 |   353 ||   456
  Use: Scroll            |       |       |     9 |     7 ||    16
       Potion            |       |       |     4 |     4 ||     8
  Eat: Chunk             |       |     4 |     8 |     9 ||    21
       Fruit             |       |       |     6 |     2 ||     8
       Beef jerky        |       |       |       |     2 ||     2
       Bread ration      |       |       |       |     1 ||     1
       Pizza             |       |       |       |     1 ||     1
Armor: Scale mail        |   105 |   159 |   103 |    29 ||   396
       Skin              |       |       |     5 |     1 ||     6
       Troll leather arm |       |       |       |   105 ||   105
Dodge: Dodged            |    71 |    95 |    93 |   141 ||   400
Block: Shield            |   100 |   133 |   120 |   193 ||   546
